 Dungeon Sprint DCSS version 0.30.1-9-gdf580d7c3d (webtiles) character file.

Game seed: 16705110294772801926

8 Heoruswealwe the Covered (level 2, -9/28 HPs)
             Began as a Minotaur Fighter on Oct 10, 2023.
             Mangled by an iguana (11 damage)
             ... in the Dungeon (Sprint IX: "|||||||||||||||||||||||||||||").
             The game lasted 00:00:58 (48 turns).

Heoruswealwe the Covered (Minotaur Fighter)           Turns: 48, Time: 00:00:59

Health: -9/28      AC:  7    Str: 20    XL:     2   Next: 0%
Magic:  1/1        EV:  9    Int:  5    God:
Gold:   0          SH:  4    Dex:  9    Spells: 1/1 levels left

rFire   . . .        a - +0 trident
rCold   . . .        d - +0 buckler
rNeg    . . .        c - +0 scale mail
rPois   .            (helmet restricted)
rElec   .            (no cloak)
rCorr   .            (no gloves)
SInv    .            (no boots)
Will    .....        (no amulet) Stlth
                     (no ring)
HPRegen 0.24/turn    (no ring)
MPRegen 0.07/turn

%: no teleportation
@: no status effects
A: horns 2, retaliatory headbutt
a: no special abilities


You were in the Dungeon.
You visited 1 branch

Inventory:

Hand Weapons
 a - a +0 trident (weapon)
Armour
 c - a +0 scale mail (worn)
 d - a +0 buckler (worn)
Scrolls
 j - a scroll of blinking
Potions
 b - a potion of might
 e - a potion of curing
 g - a potion of haste
 i - a potion of berserk rage


   Skills:
 + Level 4.3 Fighting
 * Level 4.1 Polearms
 + Level 4.3 Armour
 - Level 3.6 Shields


You had one spell level left.
You didn't know any spells.
Your spell library was empty.

Dungeon Overview and Level Annotations

Branches:
Dungeon (1/1)

Altars:


Innate Abilities, Weirdness & Mutations

You have a pair of horns on your head.
You reflexively headbutt those who attack you in melee.


Message History

a hobgoblin corpse; a dart slug corpse You start resting.
HP restored.
You open the door. 2 hounds, an ice beast, a scorpion and an iguana come into view.
The hound barks!
The iguana hisses angrily.
You hit the iguana but do no damage. The iguana bites you!
You hit the iguana but do no damage. The iguana bites you.
You puncture the iguana! Your headbutt misses the iguana.
The iguana is heavily wounded.
The iguana bites you but does no damage.
You closely miss the iguana.
The iguana is heavily wounded.
The iguana bites you but does no damage.
You barely miss the iguana.
The iguana is heavily wounded.
The iguana closely misses you. The iguana bites you.
You closely miss the iguana. Your headbutt misses the iguana.
The iguana is heavily wounded.
The iguana bites you!
* * * LOW HITPOINT WARNING * * *
You feel much better. The iguana misses you.
You barely miss the iguana.
You headbutt the iguana, but do no damage.
The iguana is heavily wounded.
The iguana bites you.
You closely miss the iguana.
The iguana is heavily wounded.
The iguana bites you.
You hit the iguana but do no damage. Your headbutt misses the iguana.
The iguana is heavily wounded.
The iguana bites you.
You hit the iguana but do no damage.
The iguana is heavily wounded.
The iguana bites you!
* * * LOW HITPOINT WARNING * * *
You hit the iguana.
The iguana is heavily wounded.
The iguana bites you!
You die... ▓▓▓▓▓▓▓▓▓▓▓▓▓▓▓▓▓▓ +.hhYsl@...†).!.<▓ ▓▓▓▓▓▓▓▓▓▓▓▓▓▓▓▓▓▓

You could see an ice beast, a scorpion, an iguana, a hound and a jackal.

Vanquished Creatures
  A dart slug (D)
  An endoplasm (D)
  A giant cockroach (D)
  A goblin (D)
  A hobgoblin (D)
5 creatures vanquished.

Notes
Turn   | Place    | Note
-------+----------+-------------------------------------------
     0 | D        | Heoruswealwe the Minotaur Fighter began the quest for the
                  | Orb.
     0 | D        | Reached XP level 1. HP: 19/19 MP: 0/0
    22 | D        | Reached XP level 2. HP: 24/28 MP: 1/1
    36 | D        | Noticed an ice beast
    36 | D        | Noticed a scorpion
    42 | D        | HP: 1/28 [iguana (9)]
    48 | D        | Mangled by an iguana

Illustrated notes

Levels and vault maps discovered:
D:        linesprint [early_d, line_temple, items_1, d_10, items_2, lair_1,
          lair_end, items_3, orc_1, orc_end, items_4, d_15, swamp_1, shoals_1,
          snake_1, spider_1, d_20, vaults_1, items_5, swamp_end, shoals_end,
          snake_end, spider_end, vaults_end, d_27, items_6, zot_1, zot_end,
          crypt_end, forest_end, elf_end, slime_end, tomb_end, abyss_end,
          pan_hell_end]

Skill      XL: |  1 |
---------------+----+-----
Polearms       | 4 |  4.1
Fighting       | 4 |  4.3
Armour         | 4 |  4.3
Shields        | |  3.6

Action                     || total
---------------------------++-------
  Melee: Trident           ||    27
         Headbutt          ||     4
    Use: Potion            ||     1
 Armour: Scale mail        ||    11
  Dodge: Dodged            ||     7
  Block: Buckler           ||     1
